Map: Акрополь РВ

Players

Murena - Winner!

  • Race: Protoss Protoss
  • Spawn Location: 5:00

ИИ 1 (знаток)

  • Race: Terran Terran
  • Spawn Location: 11:00

VOD

Have the link to the VOD?

Description

Time

  • Played on: Aug. 9, 2019, 10:44 a.m.
  • Length: 10:45
Show
View Real Time Build Order
Export as new Build Order

Murena Protoss - Winner!

Build Orders: Double Forge, Chargelot Immortal 

Get SALT Encoding   

  1  0:00  Probe  
  12  0:05  Probe  
  14  0:15  Probe  
  15  0:24  Pylon  
  15  0:29  Assimilator  
  15  0:44  Gateway  
  15  0:48  Probe  
  16  0:58  Probe  
  16  1:02  Pylon  
  17  1:06  Probe  
  18  1:15  Probe  
  19  1:27  Probe  
  19  1:31  Cybernetics Core  
  20  1:34  Zealot  
  20  1:39  Probe  
  23  1:52  Probe  
  24  2:00  Warp Gate  
  24  2:01  Nexus  
  24  2:08  Zealot  
  24  2:14  Probe  
  27  2:21  Assimilator  
  27  2:28  Pylon  
  27  2:31  Probe  
  28  2:37  Stalker  
  28  2:43  Probe  
  31  2:49  Stargate  
  31  3:00  Probe  
  32  3:07  Stalker  
  32  3:11  Probe  
  35  3:18  Robotics Facility  
  35  3:19  Probe  
  35  3:24  Probe  
  36  3:33  Probe  
  37  3:39  Sentry  
  40  3:47  Probe x2  
  42  3:56  Assimilator  
  42  3:58  Assimilator  
  42  3:59  Shield Battery  
  42  4:01  Shield Battery  
  42  4:07  Forge  
  42  4:08  Forge  
  42  4:16  Immortal  
  46  4:22  Probe  
  48  4:24  Probe  
  48  4:30  Void Ray, Probe  
  52  4:33  Probe  
  54  4:51  Pylon  
  54  5:05  Nexus  
  54  5:09  Probe x2  
  54  5:11  Protoss Ground Weapons Level 1  
  54  5:12  Protoss Ground Armor Level 1  
  56  5:18  Stalker  
  58  5:21  Probe x2  
  58  5:26  Pylon  
  60  5:36  Pylon  
  60  5:40  Pylon  
  60  5:41  Probe x2  
  60  5:49  Probe x2  
  64  5:58  Gateway, Probe x2  
  64  5:59  Gateway  
  64  6:01  Zealot  
  68  6:08  Twilight Council  
  68  6:12  Pylon, Probe  
  68  6:13  Probe  
  70  6:20  Probe  
  70  6:24  Probe  
  73  6:25  Probe  
  73  6:28  Probe  
  74  6:35  Immortal  
  74  6:36  Void Ray  
  74  6:38  Probe x2  
  74  6:39  Probe  
  81  6:53  Zealot  
  79  6:56  Probe  
  79  6:57  Probe x2  
  80  7:02  Sentry x2  
  84  7:09  Probe  
  84  7:10  Probe x2  
  87  7:16  Charge  
  87  7:18  Protoss Ground Weapons Level 2  
  87  7:20  Nexus, Protoss Ground Armor Level 2  
  87  7:21  Probe  
  88  7:24  Pylon, Zealot  
  88  7:27  Pylon  
  90  7:31  Assimilator  
  90  7:34  Immortal  
  90  7:36  Assimilator  
  94  7:39  Probe x3  
  97  7:45  Stalker  
  97  7:47  Stalker  
  97  7:50  Stalker  
  97  7:51  Probe x2  
  104  7:55  Pylon  
  104  7:57  Void Ray, Assimilator  
  105  8:00  Assimilator  
  109  8:16  Robotics Bay  
  109  8:21  Zealot x3  
  115  8:34  Probe  
  115  8:36  Probe  
  115  8:37  Probe x2  
  119  8:42  Stalker  
  119  8:43  Stalker x2  
  119  8:44  Nexus, Probe  
  119  8:47  Pylon  
  126  8:50  Pylon, Photon Cannon  
  126  8:51  Probe x2  
  126  8:52  Photon Cannon  
  126  8:53  Assimilator  
  128  8:58  Assimilator  
  120  9:28  Stalker x3  
  120  9:29  Void Ray  
  120  9:30  Immortal  
  141  10:28  Probe x3  
  141  10:29  Probe x2  
Show
View Real Time Build Order
Export as new Build Order

ИИ 1 (знаток) Terran 

Build Orders:  

Get SALT Encoding   

  12  0:00  SCV  
  13  0:13  SCV  
  14  0:18  Supply Depot  
  14  0:25  SCV  
  15  0:40  SCV  
  15  0:42  Barracks  
  16  0:47  Refinery  
  16  0:52  SCV  
  17  1:04  SCV  
  18  1:16  SCV  
  19  1:20  Supply Depot  
  19  1:28  SCV  
  19  1:29  Marine  
  21  1:39  Barracks  
  21  1:41  Orbital Command  
  21  1:47  Barracks Tech Lab, Refinery  
  21  2:06  Marine, Supply Depot  
  22  2:24  Marine  
  22  2:25  Marine  
  24  2:42  Marauder  
  24  2:43  Marine  
  27  2:44  Supply Depot  
  27  3:01  Marine  
  27  3:03  Marauder  
  30  3:14  Supply Depot  
  30  3:19  Marine  
  31  3:20  SCV  
  31  3:24  Marine  
  33  3:32  Engineering Bay  
  33  3:33  SCV  
  34  3:36  Marine  
  35  3:42  Marine  
  35  3:45  SCV  
  37  3:54  Marine  
  38  3:57  SCV  
  38  4:00  Marine  
  40  4:04  Supply Depot  
  40  4:09  SCV  
  41  4:18  Marauder  
  41  4:21  SCV  
  44  4:40  Marauder  
  46  5:01  Marauder  
  48  5:22  Marauder  
  50  6:02  Barracks Tech Lab  
  50  6:04  Stimpack, Terran Infantry Weapons Level 1  
  50  6:06  Factory  
  50  6:07  Factory  
  50  6:11  Command Center, Supply Depot  
  50  6:12  Missile Turret  
  50  6:20  Combat Shield  
  49  6:38  Missile Turret  
  44  6:48  Marine  
  44  6:50  Factory Tech Lab  
  36  6:54  Starport  
  36  6:56  Starport  
  36  6:57  Marine, Factory Tech Lab  
  27  7:06  Marine  
  28  7:14  Bunker  
  28  7:16  Marine  
  29  7:23  SCV  
  29  7:24  SCV  
  29  7:25  Marine  
  32  7:34  Marine  
  32  7:35  SCV, Refinery  
  32  7:37  SCV, Missile Turret  
  35  7:40  Starport Tech Lab x2, Refinery  
  35  7:44  Marauder  
  35  7:48  SCV  
  35  7:49  SCV  
  39  7:54  Marauder  
  39  7:58  Terran Infantry Armor Level 1  
  41  8:00  SCV  
  41  8:01  SCV, Raven  
  41  8:03  Siege Tank  
  48  8:09  Missile Turret  
  48  8:12  Widow Mine, SCV, Armory  
  51  8:13  SCV  
  52  8:21  Viking  
  52  8:24  SCV  
  52  8:25  SCV  
  56  8:33  Bunker  
  56  8:35  Siege Tank  
  56  8:36  SCV  
  56  8:37  SCV  
  56  8:40  Widow Mine  
  63  8:44  Raven  
  66  8:48  SCV  
  66  8:49  Sensor Tower, SCV  
  66  8:51  Viking  
  69  9:00  SCV, Barracks  
  69  9:02  SCV, Thor  
  77  9:07  Supply Depot  
  77  9:12  SCV  
  77  9:13  Marine  
  64  9:23  Marine  
  56  9:27  Viking  
  47  9:36  Marine  
  36  9:46  Marine  
  36  9:48  Barracks Reactor  
  37  9:56  Marauder  
  24  10:08  SCV  
  22  10:18  Marine  
  22  10:20  SCV  
  19  10:32  SCV  
Tags
 
Add a new tag
Caveats
  • Supply blocks, unpowered buildings, or Contaminate may cause inaccurate times.
  • Supply counts are checked every 10 seconds.